 Dungeon Crawl Stone Soup version 0.14-a0-2374-ge879b5e (webtiles) character file.

240 M4edhros the Vandal (level 4, -5/28 HPs)
             Began as an Octopode Hunter on Feb 1, 2014.
             Killed from afar by letownia's ghost (8 damage)
             ... with a flame
             ... on Level 4 of the Dungeon.
             The game lasted 00:04:03 (2024 turns).

M4edhros the Vandal (Octopode Hunter)               Turns: 2024, Time: 00:04:04

HP  -5/28        AC  1     Str 11      XL: 4   Next: 77%
MP   4/4         EV 12     Int 13      God:
Gold 138         SH  0     Dex 13      Spells:  0 memorised,  3 levels left

rFire  . . .     SeeInvis .     g - +2,+1 sling
rCold  . . .     Clarity  .     (no shield)
rNeg   . . .     Conserve .     (helmet restricted)
rPois  .         rCorr    .     (no amulet)
rElec  .         rRot     .     (no ring)
SustAb . .       Spirit   .     (no ring)
rMut   .         Warding  .     (no ring)
Saprov . . .     Stasis   .     (no ring)
MR     .....                    (no ring)
                                (no ring)
                                (no ring)
                                (no ring)

@: not resistant to hostile enchantments, stealthy
A: almost no armour, amphibious, 8 rings, constrict 8, camouflage 1, gelatinous
body 1
a: no special abilities


You were on level 4 of the Dungeon.
You were not hungry.

You visited 1 branch of the dungeon, and saw 4 of its levels.

You collected 138 gold pieces.

Inventory:

Hand weapons
 g - a +2,+1 sling (weapon)
 i - a +0,+0 spear
 r - a +2,+2 longbow
Missiles
 b - 12 stones
 c - 20 sling bullets
 s - a dart
 t - 15 arrows of flame
 u - 7 silver sling bullets (quivered)
Comestibles
 f - 2 bread rations
 j - 2 meat rations
 z - a rotting chunk of hound flesh
Scrolls
 a - a scroll of recharging {unknown}
 d - a scroll of curse jewellery {unknown}
 h - 2 scrolls of identify {unknown}
 l - a scroll of teleportation {unknown}
 o - a scroll of random uselessness {unknown}
 q - a scroll of immolation {unknown}
Jewellery
 p - a +1 ring of dexterity {unknown}
 x - an uncursed ring of wizardry {unknown}
Potions
 e - 2 potions of curing {unknown}
 k - 2 potions of porridge
 n - 2 potions of mutation {unknown}
 v - a potion of heal wounds {unknown}


   Skills:
 - Level 1.0 Fighting
 - Level 4.8 Slings
 * Level 2.0 Bows
 - Level 3.3 Throwing
 - Level 2.0 Dodging
 - Level 1.3 Stealth


You had 3 spell levels left.
You didn't know any spells.

Dungeon Overview and Level Annotations

Branches:
Dungeon (4/16)
 Temple: D:4-7

Altars:
Ashenzari
Makhleb
Trog

Annotations:
D:4 letownia's ghost, average DjFE


Innate Abilities, Weirdness & Mutations

You cannot wear most types of armour.
You are amphibious.
You can wear up to eight rings at the same time.
You can use your tentacles to constrict many enemies at once.
Your skin changes colour to match your surroundings (Stlth).
Your rubbery body absorbs attacks (AC +1).


Message History

Letownia's ghost issues a gush of flame.
The flame hits you!
* * * LOW HITPOINT WARNING * * *
Firing (i - inventory. (,) - cycle):
u - 9 silver sling bullets (quivered)
Press: ? - help, Shift-Dir - straight line, f/p - letownia's ghost
Aim: letownia's ghost (severely damaged)
You shoot a silver sling bullet.
The silver sling bullet hits letownia's ghost.
Letownia's ghost is severely damaged.
Letownia's ghost barely misses you.
Firing (i - inventory. (,) - cycle):
u - 8 silver sling bullets (quivered)
Press: ? - help, Shift-Dir - straight line, f/p - letownia's ghost
Aim: letownia's ghost (severely damaged)
You shoot a silver sling bullet.
The silver sling bullet hits letownia's ghost.
Letownia's ghost is severely damaged.
Letownia's ghost issues a gush of flame.
The flame hits you!
One of your 3 scrolls labeled THRYUSO PRUUDYNETID catches fire!
You die...

#......# #....p.# #.#
#(# #(# #(# ##+#### #.#
#.....# #####p#####
#.....# #...@.....##
#.....# #............
###.....# #.........###
#.'.....#####)........#
..#.....'..##.........#
###.....##............#
#.....#####.........
####### #########


You could see letownia's ghost.

Vanquished Creatures
  A hound (D:3)
  2 adders (D:4)
  A worm (D:4)
  A giant gecko (D:1)
  3 oozes
  2 orcs (D:3)
  3 giant cockroaches
  4 hobgoblins
  4 jackals (D:2)
  6 bats
  4 giant newts
  4 goblins
  A jackal skeleton (D:2)
  6 kobolds
  4 rats
46 creatures vanquished.

Notes
Turn   | Place    | Note
--------------------------------------------------------------
     0 | D:1      | M4edhros, the Octopode Hunter, began the quest for the Orb.
     0 | D:1      | Reached XP level 1. HP: 13/13 MP: 1/1
   278 | D:1      | Reached XP level 2. HP: 13/18 MP: 2/2
   320 | D:1      | Found a shattered altar of Ashenzari.
   447 | D:2      | Found a burning altar of Makhleb.
   554 | D:2      | Found a bloodstained altar of Trog.
   627 | D:2      | Reached skill level 1 in Throwing
   916 | D:3      | Reached XP level 3. HP: 15/23 MP: 3/3
  1742 | D:3      | Reached skill level 1 in Bows
  1742 | D:3      | Reached XP level 4. HP: 13/28 MP: 4/4
  2005 | D:4      | Noticed letownia's ghost (average DjFE)
  2024 | D:4      | Killed from afar by letownia's ghost

Action                   |  1- 3 |  4- 6 || total
-------------------------+-------+-------++-------
Melee: Spear             |    82 |       ||    82
 Fire: Sling             |    23 |    32 ||    55
Throw: Tomahawk          |       |     2 ||     2
 Stab: Sleeping          |     7 |       ||     7
       Distracted        |     1 |       ||     1
